 Dungeon Crawl Stone Soup version 0.30-a0-371-gad7725a93e (webtiles) character file.

Game seed: 45933549687855334

19728 Zonian the Nimble (level 13, -16/101 HPs)
             Began as a Djinni Ice Elementalist on Nov 21, 2022.
             Was an Elder of Ashenzari.
             Demolished by a tyrant leech (23 damage)
             ... on level 3 of the Lair of Beasts.
             The game lasted 00:55:55 (22208 turns).

Zonian the Nimble (Djinni Ice Elementalist)        Turns: 22208, Time: 00:55:56

Health: -16/101    AC: 14    Str:  7    XL:     13   Next: 6%
Gold:   383        EV: 19    Int: 21    God:    Ashenzari [****..] SH:  0 Dex: 15

rFire   + + +      SeeInvis +    H - +4 scimitar (flame)
rCold   . . .      Faith    .    (no shield)
rNeg    . . .      Spirit   .    d - +2 robe "Doubts of Ashenzari" {Will+, Fort, Melee} (curse)
rPois   ∞          Reflect  .    (no helmet)
rElec   .          Harm     .    r - scarf of the Chained Portent {rC+ rF+, Evo, Melee} (curse)
rCorr   +          Rampage  .    m - +0 pair of gloves of the Elysian Seer {Evo, Cun} (curse)
Will    ++...      Clarity  +    (boots unavailable)
Stlth   ++++......               x - amulet of the Tethered Firmament {Acrobat, Evo, Self} (curse)
HPRegen 0.36/turn                h - ring of the Unyielding Gaze {rCorr, Melee, Cun} (curse)
MPRegen 0.00/turn                t - ring "Behold Eternity" {Wiz, Self, Range} (curse)

@: ice-armoured, flying
A: sickness immunity, fire resistance 2, cold vulnerability 1, float, innate
caster, HP casting, extra vitality 1
a: Renounce Religion, Curse Item, Shatter the Chains


You were on level 3 of the Lair of Beasts.
You worshipped Ashenzari.
Ashenzari was greatly pleased with you.
You visited 3 branches of the dungeon, and saw 13 of its levels.

You collected 642 gold pieces.
You spent 259 gold pieces at shops.

Inventory:

Hand Weapons
 b - the +3 war axe "Vatwosk" {vorpal, Will+ Int+2}
   (You found it on level 6 of the Dungeon)

   It inflicts extra damage upon your enemies.
   Int:       It affects your intelligence (+2).
   Will:      It increases your willpower.
 e - a +0 short sword
 i - a +1 vorpal rapier
 k - a +1 short sword of venom
 n - a +0 dagger of flaming
 o - a +0 war axe
 s - a +0 sling
 G - a +2 whip of draining
 H - a +4 scimitar of flaming (weapon)
 J - a +6 spear
Missiles
 v - 9 boomerangs
 w - 4 poisoned darts
 L - a throwing net
Armour
 d - the cursed +2 robe "Doubts of Ashenzari" (worn) {Will+, Fort, Melee}
   (You found it on level 3 of the Dungeon)

   It has a curse which improves the following skills: Fortitude: Armour and
   Shields.
   Melee Combat: Short Blades, Long Blades, Axes, Maces & Flails, Polearms,
   Staves and Unarmed Combat.
 m - the cursed +0 pair of gloves of the Elysian Seer (worn) {Evo, Cun}
   (You found it on level 2 of the Dungeon)

   It has a curse which improves the following skills: Evocations: Evocations.
   Cunning:   Dodging and Stealth.
 r - the cursed scarf of the Chained Portent (worn) {rC+ rF+, Evo, Melee}
   (You found it on level 5 of the Dungeon)

   It has a curse which improves the following skills: Evocations: Evocations.
   Melee Combat: Short Blades, Long Blades, Axes, Maces & Flails, Polearms,
   Staves and Unarmed Combat.
 C - an orb of guile
 I - a +2 robe of positive energy
Jewellery
 h - the cursed ring of the Unyielding Gaze (left hand) {rCorr, Melee, Cun}
   (You found it on level 2 of the Dungeon)

   [ring of resist corrosion]

   rCorr:     It protects you from acid and corrosion.
   It has a curse which improves the following skills: Melee Combat: Short
   Blades, Long Blades, Axes, Maces & Flails, Polearms, Staves and Unarmed
   Combat.
   Cunning:   Dodging and Stealth.
 t - the cursed ring "Behold Eternity" (right hand) {Wiz, Self, Range}
   (You took it off an orc on level 3 of the Dungeon)

   [ring of wizardry]

   It improves your spell success rate.
   It has a curse which improves the following skills: Introspection: Fighting
   and Spellcasting.
   Ranged Combat: Ranged Weapons and Throwing.
 x - the cursed amulet of the Tethered Firmament (around neck) {Acrobat, Evo, Self}
   (You found it on level 4 of the Dungeon)

   [amulet of the acrobat]

   It increases your evasion while moving and waiting.
   It has a curse which improves the following skills: Evocations: Evocations.
   Introspection: Fighting and Spellcasting.
 y - a ring of positive energy
Wands
 l - a wand of polymorph (3)
 A - a wand of paralysis (2)
 E - a wand of roots (1)
 N - a wand of flame (15)
 O - a wand of digging (8)
Scrolls
 a - a scroll of fog
 f - 2 scrolls of magic mapping
 g - 5 scrolls of teleportation
 u - 2 scrolls of blinking
 F - a scroll of enchant armour
Potions
 c - a potion of cancellation
 j - 2 potions of brilliance
 p - a potion of might
 q - a potion of lignification
 B - a potion of resistance
 D - a potion of flight
 K - a potion of haste
 M - a potion of curing


   Skills:
 - Level 9.0(12.0) Fighting
 - Level 6.2(11.0) Short Blades
 + Level 6.9(11.5) Long Blades
 - Level 10.0(13.0) Dodging
 - Level 7.1(10.1) Stealth
 - Level 9.0(12.0) Spellcasting


You had 6 spell levels left.
You knew the following spells:

 Your Spells              Type           Power      Damage    Failure   Level
a - Freeze                Ice            100%       1d10      1%          1
b - Frozen Ramparts       Ice            100%       1d16      1%          3
c - Ozocubu's Armour      Ice            58%        N/A       1%          3
d - Summon Ice Beast      Ice/Summ       58%        N/A       1%          4
e - Necrotise             Necr           100%       1d9       1%          1
f - Call Imp              Summ           58%        N/A       1%          2
g - Vhi's Electric Charg  Tloc/Air       100%       N/A       1%          3
h - Ice Form              Ice/Tmut       58%        N/A       1%          4
i - Passage of Golubria   Tloc           58%        N/A       1%          4
j - Alistair's Intoxicat  Tmut/Pois      38%        N/A       1%          5
Your spell library was empty.

Dungeon Overview and Level Annotations

Branches:
Dungeon (9/15)             Temple (1/1) D:5            Lair (3/5) D:9
  Swamp (0/4) Lair:3       Spider (0/4) Lair:3
    Orc: D:9-12

Altars:
Ashenzari
Elyvilon
Fedhas
Hepliaklqana
Makhleb
Okawaru
Qazlal
Ru
Uskayaw
Xom
Yredelemnul
Zin
The Shining One

Shops:
D:1 (   D:2 ?

Annotations:
D:3 Sigmund
D:5 1 runed translucent door, Darkkill's ghost, novice MiHu
D:7 1 runed translucent door, Crazy Yiuf
D:8 Gastronok
D:9 Erolcha; Pikel
Lair:2 2 transporters


Innate Abilities, Weirdness & Mutations

You are immune to sickness and miasma.
You are immune to poison.
Your flesh is very heat resistant. (rF++)
You are vulnerable to cold. (rC-)
You float through the air rather than walking.
You learn spells naturally, not from books.
Your magical power is your life essence.
You have superior vitality. (+4 MHP)


Message History

Confirm with . or Enter, or press ? or * to list all spells.
A film of ice covers your body! The tyrant leech barely misses you.
Unknown command.
You barely miss the tyrant leech.
The tyrant leech is moderately wounded.
The tyrant leech bites you!
You miss the tyrant leech.
The tyrant leech is moderately wounded.
Unknown command.
You slash the tyrant leech! You burn the tyrant leech.
The tyrant leech is heavily wounded.
The tyrant leech closely misses you.
You slash the tyrant leech! You burn the tyrant leech.
The tyrant leech is severely wounded.
The tyrant leech bites you!
* * * LOW HITPOINT WARNING * * *
Unknown command.
You closely miss the tyrant leech.
The tyrant leech is severely wounded.
Unknown command.
You hit the tyrant leech. You burn the tyrant leech.
The tyrant leech is severely wounded.
The tyrant leech bites you!!
* * * LOW HITPOINT WARNING * * *
Unknown command.
Okay, then.
Aiming: Paralyse
Press: ? - help, Shift-Dir - straight line, f/p - tyrant leech
Aim: a tyrant leech (severely wounded, chance to affect: 32%)
Okay, then.
Aiming: Fastroot
Press: ? - help, Shift-Dir - straight line, f/p - tyrant leech
Aim: a tyrant leech (severely wounded)
The roots erupt in riotous growth!
Roots grab the tyrant leech.
Roots grab the plant.
Roots grab the fungus.
The grasping roots constrict the tyrant leech.
The grasping roots constrict the plant.
The plant begins to die.
The grasping roots constrict the fungus!
The fungus begins to die.
The tyrant leech bites you!!
You die...

#..##P...#* *....* , *
*...P ## #..###..#.#
#.... , *#..###. #..#
P....###...., ,,, *
#...... #..# #....##....#
, , #....#. ##..*
..*#....# ,* #.P##.# #..*
#P..<.###### #..#### *,
,**
##....##..#.####..#.P# ,
*
.##P.........†..........
* , ,
......w@.....†..........
* ,
*#.#.P.PP##.###.#P#.P.#.#
########## ###########


You could see a tyrant leech (rooted).

Vanquished Creatures
  A hydra (Lair:3)
  Erica (D:8)
  4 elephants (Lair:3)
  Joseph (Lair:1)
  A black mamba (Lair:1)
  A rime drake (Lair:1)
  4 cane toads
  3 komodo dragons
  3 polar bears
  Prince Ribbit (Lair:2)
  22 blink frogs
  A jumping spider (Lair:3)
  24 yaks
  3 wyverns
  A basilisk (Lair:1)
  A swamp worm (Lair:3)
  An acid dragon (D:9)
  12 water moccasins
  3 orc warriors
  A black bear (Lair:1)
  2 sky beasts
  A centaur (D:5)
  2 ogres
  8 wolves
  2 necrophages
  5 bullfrogs
  7 scorpions
  A gnoll sergeant (D:9)
  2 wights
  Dowan (D:5)
  2 howler monkeys
  6 hounds
  3 jellies
  2 orc priests
  2 iguanas (D:5)
  5 orc wizards
  7 gnolls
  4 adders
  2 white imps (D:7)
  2 ufetubi
  2 worms (D:3)
  27 orcs
  3 endoplasms (D:2)
  3 giant cockroaches
  8 hobgoblins
  A jackal (D:5)
  9 kobolds
  7 quokkas
  11 ball pythons
  2 bats
  6 frilled lizards
  9 goblins
  10 rats
253 creatures vanquished.

Vanquished Creatures (collateral kills)
  2 blink frogs (Lair:3)
  A wyvern (Lair:3)
  A basilisk (Lair:3)
  A wight (D:6)
  An orc (D:8)
6 creatures vanquished.

Vanquished Creatures (others)
  2 bushes (D:9)
  28 fungi
  50 plants
80 creatures vanquished.

Grand Total: 339 creatures vanquished

Notes
Turn   | Place    | Note
-------+----------+-------------------------------------------
     0 | D:1      | Zonian the Djinni Ice Elementalist began the quest for the
                  | Orb.
     0 | D:1      | Zonian set off with the following spells memorised: Freeze,
                  | Frozen Ramparts, Ozocubu's Armour, Summon Ice Beast.
     0 | D:1      | Reached XP level 1. HP: 15/15 MP: 0/0
   379 | D:1      | Found Buetong's Weapon Boutique.
   470 | D:1      | Reached XP level 2. HP: 15/21 MP: 0/0
  1042 | D:1      | Reached XP level 3. HP: 24/25 MP: 0/0
  1042 | D:1      | Learned a level 1 spell: Necrotise
  1199 | D:1      | Found a faded altar of an unknown god.
  2088 | D:2      | Found Mojen's Magic Scroll Shoppe.
  2101 | D:2      | Bought a scroll of teleportation for 39 gold pieces
  2131 | D:2      | Reached skill level 3 in Dodging
  2266 | D:2      | You are sucked into a shaft and drop 1 floor!
  2300 | D:3      | Reached XP level 4. HP: 29/31 MP: 0/0
  2939 | D:2      | Reached XP level 5. HP: 28/35 MP: 0/0
  2939 | D:2      | Learned a level 2 spell: Call Imp
  3576 | D:3      | Noticed Sigmund
  3641 | D:3      | Found a burning altar of Makhleb.
  4182 | D:4      | Reached skill level 4 in Dodging
  4182 | D:4      | Reached XP level 6. HP: 24/40 MP: 0/0
  5031 | D:4      | Found a basalt altar of Yredelemnul.
  5065 | D:4      | Found a hazy altar of Hepliaklqana.
  5224 | D:4      | Reached XP level 7. HP: 42/45 MP: 0/0
  5224 | D:4      | Learned a level 3 spell: Vhi's Electric Charge
  5662 | D:5      | Entered Level 5 of the Dungeon
  5683 | D:5      | Found a staircase to the Ecumenical Temple.
  5715 | Temple   | Entered the Ecumenical Temple
  5770 | Temple   | Became a worshipper of Ashenzari the Shackled
  5868 | D:5      | Noticed Duvessa
  6052 | D:5      | Reached skill level 5 in Dodging
  6116 | D:5      | Noticed Dowan
  6527 | D:5      | Found a hide-covered altar of Uskayaw.
  6551 | D:5      | Found a runed translucent door.
  6551 | D:5      | Noticed Darkkill's ghost (novice MiHu)
  6731 | D:5      | Duvessa changed into Duvessa the iguana
  6731 | D:5      | Noticed Duvessa
  6741 | D:5      | Killed Duvessa the iguana
  6753 | D:5      | Killed Dowan
  7168 | D:5      | Reached XP level 8. HP: 50/50 MP: 0/0
  7255 | D:5      | Noticed a yak
  7436 | D:5      | Reached skill level 5 in Spellcasting
  7545 | D:2      | Bought a scroll of brand weapon for 123 gold pieces
  7808 | D:6      | Identified the +3 war axe "Vatwosk" {vorpal, Will+ Int+2}
  7826 | D:6      | Reached skill level 6 in Dodging
  7826 | D:6      | Reached skill level 5 in Stealth
  8236 | D:6      | Identified the +1 plate armour of Cheibriados's Approval
                  | {rElec rN+ MP-9 Dex+2}
  8239 | D:6      | Reached * piety under Ashenzari
  8250 | D:6      | Found a sacrificial altar of Ru.
  8685 | D:6      | Found a blossoming altar of Fedhas.
  9523 | D:7      | Reached ** piety under Ashenzari
  9552 | D:7      | Reached skill level 7 in Dodging
  9552 | D:7      | Reached XP level 9. HP: 50/55 MP: 0/0
  9552 | D:7      | Learned a level 4 spell: Ice Form
 10158 | D:7      | Reached *** piety under Ashenzari
 11126 | D:7      | Found a runed translucent door.
 11127 | D:7      | Noticed Crazy Yiuf
 11328 | D:2      | Bought a scroll of enchant weapon for 97 gold pieces
 11694 | D:8      | Noticed Erica
 11766 | D:8      | Identified the cursed scarf of the Chained Portent {rC+
                  | rF+, Evo, Melee} (You found it on level 5 of the Dungeon)
 11766 | D:8      | Identified the cursed +0 pair of gloves of the Elysian Seer
                  | {Evo, Cun} (You found it on level 2 of the Dungeon)
 11766 | D:8      | Identified the cursed +2 robe "Doubts of Ashenzari" {Will+,
                  | Fort, Melee} (You found it on level 3 of the Dungeon)
 11883 | D:8      | Noticed Gastronok
 12715 | D:8      | Found a glowing golden altar of the Shining One.
 12752 | D:8      | Reached skill level 8 in Dodging
 12947 | D:8      | Killed Erica
 12948 | D:8      | Reached XP level 10. HP: 15/60 MP: 0/0
 13319 | D:9      | Reached skill level 1 in Short Blades
 13660 | D:9      | Found a staircase to the Lair.
 13694 | D:9      | HP: 1/60 [yak (10)]
 13702 | D:9      | Reached skill level 5 in Short Blades
 14492 | D:9      | Noticed Erolcha
 14810 | D:9      | Noticed Pikel
 15083 | D:9      | Reached **** piety under Ashenzari
 15154 | Lair:1   | Entered Level 1 of the Lair of Beasts
 15371 | Lair:1   | Reached XP level 11. HP: 46/66 MP: 0/0
 15371 | Lair:1   | Learned a level 4 spell: Passage of Golubria
 15792 | Lair:1   | Noticed Joseph
 15828 | Lair:1   | Killed Joseph
 16090 | Lair:1   | Reached skill level 1 in Fighting
 17655 | Lair:2   | Noticed a catoblepas
 17695 | Lair:2   | Reached skill level 5 in Fighting
 17969 | Lair:2   | Found a transporter.
 17997 | Lair:2   | Found a transporter.
 17998 | Lair:2   | Identified the +2 pair of boots of the First Snow {Dex+3}
 18128 | Lair:2   | Noticed Prince Ribbit
 18355 | Lair:2   | Reached XP level 12. HP: 54/92 MP: 0/0
 18623 | Lair:2   | Killed Prince Ribbit
 18882 | Lair:2   | Reached skill level 9 in Dodging
 19912 | Lair:3   | Reached skill level 1 in Long Blades
 19926 | Lair:3   | Reached skill level 10 in Dodging
 21050 | Lair:3   | Reached skill level 5 in Long Blades
 21607 | Lair:3   | Found a staircase to the Swamp.
 22077 | Lair:3   | Reached XP level 13. HP: 101/101 MP: 0/0
 22077 | Lair:3   | Learned a level 5 spell: Alistair's Intoxication
 22086 | Lair:3   | Noticed a four-headed hydra
 22096 | Lair:3   | Killed a one-headed hydra
 22208 | Lair:3   | Demolished by a tyrant leech

Illustrated notes

Levels and vault maps discovered:
D:1:      heliophobic_arrival_ceremonial_halls, layout_basic, serial_shops,
          nicolae_shop_trees, shapermc_ecumenical_altar_venn, dk_noncrumbling_4
D:2:      layout_loops_cross, serial_shops, nicolae_shop_waterfront
D:3:      layout_loops_cross, bloody_makhleb, minmay_misc_feat_tiny,
          uniq_sigmund
D:4:      layout_basic, mainiacjoe_overflow_big_doors, serial_bayou_lagoon_b
D:5:      kennysheep_windowed_halls, layout_basic, mainiacjoe_overflow_alcove_4,
          minmay_temple_entry_slanted, gammafunk_ghost_grave, uniq_duvessa
D:6:      layout_layer_cave, lemuel_crystal_altar, mainiacjoe_overflow_catwalk
D:7:      layout_loops_corners, uniq_crazy_yiuf_cottage
D:8:      layout_rooms, nicolae_tso_carved_into_rock,
          nicolae_elevator_lobby_plus, uniq_gastronok, uniq_erica
D:9:      layout_irregular_city, minmay_lair_entry_grove, uniq_pikel,
          uniq_erolcha
Temple:   hellmonk_temple_flake
Lair:1:   layout_chaotic_city, grunt_megastairs_3, serial_bayou_shore_a,
          uniq_joseph
Lair:2:   gammafunk_worm_tunnel, layout_regular_city, gauntlet_entry_generic,
          st_stairs_11, infiniplex_staircase_pool_2, lemuel_fruit_fields,
          uniq_prince_ribbit2
Lair:3:   layout_regular_city, minmay_swamp_entry_worms,
          nicolae_spider_entry_tight_spaces, beast_lair_carwin_10

Skill      XL: |  1  2  3  4  5  6  7  8  9 10 11 12 |
---------------+-------------------------------------+-----
Stealth        | 2 3 4 5 7 |  7.1
Dodging        | 3 4 5 7 8 10 | 10.0
Spellcasting   | 4 5 6 7 9 |  9.0
Short Blades   | 6 |  6.2
Fighting       | 7 9 |  9.0
Long Blades    | 6 |  6.9

Action                   |  1- 3 |  4- 6 |  7- 9 | 10-12 | 13-15 || total
-------------------------+-------+-------+-------+-------+-------++-------
Melee: Unarmed           |     4 |       |     7 |       |       ||    11
       Short sword       |    22 |       |   125 |   702 |       ||   849
       Dagger            |     7 |    77 |    92 |       |       ||   176
       Punch             |       |     1 |     2 |    20 |     1 ||    24
       Rapier            |       |       |    39 |       |       ||    39
       War axe           |       |       |     8 |       |       ||     8
       Scimitar          |       |       |       |       |    16 ||    16
Throw: Boomerang         |       |       |     3 |     1 |       ||     4
       Dart              |       |       |       |     1 |       ||     1
 Cast: Freeze            |    45 |    57 |     4 |       |       ||   106
       Call Imp          |       |     1 |     6 |     2 |     1 ||    10
       Frozen Ramparts   |       |     2 |    24 |    30 |       ||    56
       Vhi's Electric Ch |       |       |     8 |       |     1 ||     9
       Ozocubu's Armour  |       |       |    10 |    11 |     3 ||    24
       Summon Ice Beast  |       |       |     1 |     6 |     1 ||     8
       Ice Form          |       |       |     1 |       |       ||     1
       Necrotise         |       |       |       |     2 |       ||     2
       Passage of Golubr |       |       |       |     1 |       ||     1
Invok: Curse Item        |       |       |     5 |     1 |       ||     6
Evoke: Wand              |       |       |    10 |     4 |     1 ||    15
  Use: Scroll            |       |     5 |    18 |     2 |       ||    25
       Potion            |       |       |     4 |     4 |       ||     8
 Stab: Sleeping          |     1 |     3 |     5 |     6 |       ||    15
       Distracted        |       |     1 |     1 |     2 |       ||     4
       Paralysed         |       |       |     2 |       |       ||     2
Armor: Robe              |    12 |    24 |    59 |    68 |       ||   163
       Skin              |       |       |     1 |       |       ||     1
Dodge: Dodged            |    41 |    78 |   214 |   370 |     9 ||   712

Table legend: (Time is in decaauts)
 A = Elapsed time spent in this place.
 B = Non-inter-level travel time spent in this place.
 C = Inter-level travel time spent in this place.
 D = Time resting spent in this place.
 E = Time spent auto-exploring this place.
 F = Levels seen in this place.
 G = Mean time per level.
                   A        B        C        D        E       F      G
               +--------+--------+--------+--------+--------+-----+--------+
         Total |  21898 |  21051 |    847 |  10114 |   6409 |  13 | 1684.5 |
       Dungeon |  15062 |  14285 |    777 |   5958 |   5324 |   9 | 1673.6 |
        Temple |     64 |     55 |      9 |      0 |     45 |   1 |   64.0 |
          Lair |   6771 |   6710 |     61 |   4156 |   1040 |   3 | 2257.0 |
               +--------+--------+--------+--------+--------+-----+--------+

Top non-repeatable levels by time:
     D:8: 2554 daAuts
  Lair:3: 2297 daAuts
  Lair:1: 2266 daAuts
  Lair:2: 2208 daAuts
     D:6: 2028 daAuts
     D:4: 2022 daAuts
     D:1: 1682 daAuts
     D:7: 1609 daAuts
     D:5: 1499 daAuts
     D:2: 1342 daAuts
     D:3: 1235 daAuts
     D:9: 1088 daAuts
  Temple: 64 daAuts
